 Dungeon Crawl Stone Soup version 0.25-a0-611-g6918904 (webtiles) character file.

Game seed: 8635919929620408115, levelgen mode: deterministic

40 Faels the Skirmisher (level 3, 0/29 HPs)
             Began as a Demonspawn Berserker on Mar 16, 2020.
             Was a Follower of Trog.
             Succumbed to an adder's poison
             ... on level 2 of the Dungeon.
             The game lasted 00:02:22 (1210 turns).

Faels the Skirmisher (Demonspawn Berserker)         Turns: 1210, Time: 00:02:23

Health: 0/29       AC:  3    Str: 18    XL:     3   Next: 30%
Magic:  0/3        EV: 12    Int:  8    God:    Trog [*.....]
Gold:   85         SH:  0    Dex: 12    Spells: 2/2 levels left

rFire    . . .     SeeInvis .     - Unarmed
rCold    + . .     Gourm    .   (no shield)
rNeg     . . .     Faith    .   a - +0 animal skin
rPois    .         Spirit   +   (no helmet)
rElec    .         Reflect  .   (no cloak)
rCorr    +         Harm     .   (no gloves)
MR       .....                  (no boots)
Stlth    +.........             m - amulet of guardian spirit
HPRegen  0.09/turn              e - ring of protection from cold
MPRegen  0.08/turn              g - ring of resist corrosion

@: lethally poisoned (0 -> -4), berserk cooldown, slowed, very slow
A: rugged brown scales 1
a: Berserk, Renounce Religion


You were on level 2 of the Dungeon.
You worshipped Trog.
Trog was aware of your devotion.
You were hungry.

You visited 1 branch of the dungeon, and saw 2 of its levels.

You collected 85 gold pieces.

Inventory:

Hand Weapons
 j - a cursed -2 whip
Missiles
 k - 8 javelins (quivered)
Armour
 a - a +0 animal skin (worn)
Jewellery
 e - a ring of protection from cold (left hand)
 g - a ring of resist corrosion (right hand)
 m - an amulet of guardian spirit (around neck)
Scrolls
 d - a scroll of teleportation {unknown}
 f - a scroll of identify {unknown}
 h - a scroll of fog {unknown}
 i - a scroll of random uselessness {unknown}
Potions
 c - a potion of curing {unknown}
 n - a potion of mutation {unknown}
Comestibles
 b - 4 rations
 l - a chunk of flesh


   Skills:
 + Level 3.3 Fighting
 + Level 2.2 Armour
 + Level 2.2 Dodging
 + Level 3.1 Unarmed Combat


You had 2 spell levels left.
You didn't know any spells.
Your spell library was empty.

Dungeon Overview and Level Annotations

Branches:
Dungeon (2/15)

Altars:


Innate Abilities, Weirdness & Mutations

You are partially covered in rugged brown scales. (AC +1, +3% HP)


Message History

You completely miss the quokka.
The quokka is almost dead.
The bat closely misses you. The quokka bites you.
* * * LOW HITPOINT WARNING * * *
You barely miss the quokka.
The quokka is almost dead.
The bat hits you but does no damage. The quokka barely misses you.
You punch the quokka!
You kill the quokka!
Trog accepts your kill.
* * * LOW HITPOINT WARNING * * *
You feel sick. The bat hits you.
* * * LOW HITPOINT WARNING * * *
You barely miss the bat. The bat closely misses you.
The bat hits you but does no damage.
You feel a strong urge to attack something.
You are no longer berserk.
You are exhausted.
You feel yourself slow down.
You die...

#####.# #####.#
#.....# #.#####
#####+##### #.#
..........###.#
..........'...#
..)......†#####
........b@#
..........#
..........#
..........#
..........#
..........#
..........#
.....(....#


You could see a bat.

Vanquished Creatures
  An adder (D:2)
  An ooze (D:1)
  A worm (D:2)
  An orc (D:2)
  4 giant cockroaches (D:1)
  3 goblins (D:1)
  2 hobgoblins (D:1)
  3 kobolds
  A quokka (D:2)
  2 frilled lizards
  3 rats
22 creatures vanquished.

Notes
Turn   | Place    | Note
-------+----------+-------------------------------------------
     0 | D:1      | Faels the Demonspawn Berserker began the quest for the Orb.
     0 | D:1      | Reached XP level 1. HP: 18/18 MP: 1/1
   421 | D:1      | Gained mutation: You are partially covered in rugged brown
                  | scales. (AC +1, +3% HP) [demonic ancestry]
   421 | D:1      | Reached XP level 2. HP: 24/24 MP: 2/2
  1100 | D:2      | Reached XP level 3. HP: 29/29 MP: 3/3
  1207 | D:2      | HP: 2/43 [bat (1)]
  1210 | D:2      | Succumbed to an adder's poison

Levels and vault maps discovered:
D:1:      psy_arrival_terrarium, layout_basic
D:2:      cheibrodos_helix_gallery, layout_basic, elyvilon_altar_1

Skill      XL: |  1  2 |
---------------+-------+-----
Armour         | 2 |  2.2
Dodging        | 2 |  2.2
Unarmed Combat | 3 |  3.1
Fighting       | |  3.3

Action                   || total
-------------------------++-------
Melee: Unarmed           ||    86
       Punch             ||     4
Throw: Javelin           ||     1
Invok: Berserk           ||     4
  Eat: Chunk             ||     4
Armor: Animal skin       ||    16
Dodge: Dodged            ||    44

Table legend:
 A = Non-vault XP
 B = Vault XP
 C = Vault XP percentage of total XP
 D = Non-vault monster count
 E = Vault monster count
 F = Vault count percentage of total count
                 A         B        C        D         E       F
            +---------+---------+-------+---------+---------+-------
      Total |      58 |       0 |   0.0 |      22 |       0 |   0.0
            +---------+---------+-------+---------+---------+-------
        D:1 |      31 |       0 |   0.0 |      15 |       0 |   0.0
        D:2 |      27 |       0 |   0.0 |       7 |       0 |   0.0
            +---------+---------+-------+---------+---------+-------
